[Event "Early-Titled-Tuesday-Blitz-April-23-2024"]
[Site "Chess.com"]
[Date "2024.04.23"]
[Round "3"]
[White "koncheto"]
[Black "Roosters19"]
[Result "1-0"]
[WhiteElo "2607"]
[BlackElo "2330"]
[TimeControl "180+1"]
[EndTime "8:29:23 PDT"]
[Termination "koncheto won by resignation"]

1. e4 c5 2. d4 cxd4 3. c3 dxc3 4. Nxc3 Nc6 5. Nf3 d6 6. Bc4 e6 7.
O-O a6 8. Re1 b5 9. Bb3 Ra7 10.
Be3 Rd7 11. Nd4 Nxd4 12. Bxd4 Nf6 13. f4 Bb7 14. f5 e5 15. Be3 Be7 16. Bg5 O-O 17. Bxf6 Bxf6 18. Bd5 b4 19. Na4 Bxd5 20. Qxd5 Qb8 21. Kh1 Qb5 22. b3 Qxd5 23. exd5 Rc7 24.
Nb6 Rc5 25. Nd7 Rxd5 26. Nxf8 Kxf8 27. Rad1 Rxd1 28. Rxd1 Ke7 29. Rd5 Kd7 30. Ra5 Kc6 31.
Rxa6+ Kc5 32. Kg1 e4 33. Kf2 Bd4+ 34. Ke2 Be5 35. Ra7 Kd4 36. Rxf7 Kc3 37. Rc7+ Kb2 38.
Rc4 d5 39. Rc5 Bxh2 40. Rxd5 Kxa2 41. Rd4 Kxb3 42. Rxe4 Kc3 43. Kd1 Bd6 44. Re6 Bf4 45. Re7 Bh6 46. g4 b3 47. Rc7+ Kb4 48. g5 Bxg5 49.
Rxg7 b2 50. Kc2 h6 51. Rxg5 b1=Q+ 52. Kxb1 hxg5 53. f6 Kc5 54. f7 1-0

[Event "Early-Titled-Tuesday-Blitz-April-23-2024"]
[Site "Chess.com"]
[Date "2024.04.23"]
[Round "3"]
[White "GMAkobianSTL"]
[Black "RojonR"]
[Result "1-0"]
[WhiteElo "2805"]
[BlackElo "2564"]
[TimeControl "180+1"]
[EndTime "8:29:24 PDT"]
[Termination "GMAkobianSTL won by resignation"]

1. d4 Nf6 2. c4 e6 3. Nf3 Bb4+ 4. Nbd2 b6 5. a3 Bxd2+ 6. Qxd2 Bb7 7. g3 O-O 8. Bg2 d6 9. O-O Be4 10. b4 Nbd7 11.
Bb2 Qe7 12. Rac1 a5 13. b5 Rfe8 14. Rfd1 a4 15. Bh3 h6 16. Qb4 Bxf3 17. exf3 e5 18. Re1 Qf8 19. Kg2 exd4 20. Bxd4 Nc5 21. Rcd1 Rxe1 22.
Qxe1 Re8 23. Qb4 Qe7 24. Bxc5 dxc5 25. Qxa4 Qe2 26. Qb3 g6 27. a4 Kg7 28. Qd3 Qxd3 29.
Rxd3 Ra8 30. Ra3 Ne8 31. Kg1 Nd6 32. Bf1 g5 33. Bd3 Kf6 34. f4 gxf4 35. gxf4 Nf5 36.
Be4 Rg8+ 37. Kf1 Rg4 38. a5 bxa5 39. Rxa5 Rxf4 40. Bd3 Nd6 41. Ke2 Ke5 42. Ra7 Nxc4 43. Bxc4 Rxc4 44. Rxc7 Kd4 45. Rxf7 Rb4 46. Rf4+ Kd5 47.
Rxb4 cxb4 48. f4 Kc5 49. f5 Kxb5 50. f6 1-0

[Event "Early-Titled-Tuesday-Blitz-April-23-2024"]
[Site "Chess.com"]
[Date "2024.04.23"]
[Round "3"]
[White "GeorgiosSouleidis"]
[Black "ATM622"]
[Result "1-0"]
[WhiteElo "2676"]
[BlackElo "2489"]
[TimeControl "180+1"]
[EndTime "8:29:24 PDT"]
[Termination "GeorgiosSouleidis won by resignation"]

1. e4 c6 2. Nc3 d5 3. Nf3 g6 4. d4 Bg7 5. h3 dxe4 6. Nxe4 Nf6 7.
Nxf6+ Bxf6 8. Bh6 Qb6 9. Be2 Bf5 10. O-O Nd7 11. Bd3 Bxd3 12. Qxd3 O-O-O 13. Qc4 e6 14. a4 Qa6 15. Qxa6 bxa6 16. c3 a5 17. Bf4 Nb6 18. Be5 Nd7 19. Bxf6 Nxf6 20. Ne5 Rhf8 21. Nxc6 Rd6 22.
Nxa7+ Kb7 23. Nb5 Rc6 24. Rfe1 Nd5 25. g3 h5 26. h4 Rg8 27. Kf1 Ka6 28. Ke2 Nb6 29.
b3 Rd8 30. c4 Nc8 31. Red1 Ne7 32. Rd3 Nf5 33. Rad1 Kb6 34. Kf3 Ka6 35. Ke4 Kb6 36.
Kf4 Ka6 37. d5 e5+ 38. Kxe5 Re8+ 39. Kf4 Rcc8 40. d6 Kb6 41. d7 f6 42. dxc8=Q Rxc8 43. Nd6 Nxd6 44. Rxd6+ Kc5 45. R1d5+ Kb4 46. Rb5+ Kc3 47. Rxf6 1-0

[Event "Early-Titled-Tuesday-Blitz-April-23-2024"]
[Site "Chess.com"]
[Date "2024.04.23"]
[Round "3"]
[White "kuchma777"]
[Black "Javadovvv"]
[Result "0-1"]
[WhiteElo "2478"]
[BlackElo "2659"]
[TimeControl "180+1"]
[EndTime "8:29:24 PDT"]
[Termination "Javadovvv won on time"]

1. d4 e6 2. Nc3 d5 3. Bf4 a6 4. e3 Bd6 5. Nf3 b5 6. Ne5 Bb7 7. Bd3 Nd7 8. Qg4 g6 9. h4 Ngf6 10. Qf3 Nh5 11. Nxf7 Kxf7 12. Bxd6+ Kg7 13. Bh2 c5 14. g4 Nhf6 15. dxc5 Nxc5 16. g5 Nfd7 17. e4 d4 18. Ne2 e5 19. O-O-O Rf8 20. Qg2 Rc8 21. f4 exf4 22. Nxf4 Qe7 23. Nd5 Bxd5 24.
exd5 Ne5 25. Kb1 Rce8 26. Rhe1 Qd6 27. Qg3 Ncd7 28. Be4 Qb4 29. Bg1 Nc4 30. Bxd4+ Kg8 31. Qc3 Qd6 32. h5 gxh5 33. Qd3 Re7 34. g6 hxg6 35. Bxg6 Nde5 36. Bxe5 Nxe5 37. Qc3 Nxg6 38. Rg1 Kh7 39. Rg5 Re5 40. Rdg1 Rxg5 41. Rxg5 Rf1+ 0-1

[Event "Early-Titled-Tuesday-Blitz-April-23-2024"]
[Site "Chess.com"]
[Date "2024.04.23"]
[Round "3"]
[White "BashirliSaadat"]
[Black "Matibar"]
[Result "1/2-1/2"]
[WhiteElo "2386"]
[BlackElo "2839"]
[TimeControl "180+1"]
[EndTime "8:29:25 PDT"]
[Termination "Game drawn by repetition"]

1. d4 f5 2. e3 Nf6 3. Bd3 g6 4. f4 Bg7 5. Nf3 d6 6. O-O O-O 7. b3 Nc6 8. Bb2 Nb4 9. Bc4+ Kh8 10. a3 Nbd5 11. Qe2 e6 12. Bxd5 exd5 13. Nbd2 b6 14. h3 Bb7 15. Qf2 Qd7 16. Rfe1 Rae8 17. Ng5 h6 18. Ngf3 Kh7 19. Qh4 Re7 20. Qg3 Qe8 21. Nf1 Ne4 22. Qh2 g5 23. fxg5 hxg5 24. h4 g4 25. Ng5+ Nxg5 26. hxg5+ Kg6 27. Qf4 Re4 28.
Qf2 Qe7 29. Ng3 Qxg5 30. Nxe4 dxe4 31. Qf4 g3 32. Qxg5+ Kxg5 33. Rf1 Bh6 34. Rae1 Kg6 35. c4 Bg5 36. d5 a5 37. Bd4 Kh5 38. a4 Kg4 39.
Rd1 Bc8 40. Rfe1 Bd7 41. Kf1 f4 42. exf4 Rxf4+ 43. Ke2 Kh5 44. Rh1+ Kg6 45. Rdf1 Bg4+ 46. Ke1 e3 47. Rxf4 Bxf4 48. Rh4 Kf5 49. Rh7 Ke4 50.
Bb2 Kd3 51. Rf7 Bh6 52. Rh7 Bf4 53. Rf7 Bh6 54. Rh7 Bf4 1/2-1/2

[Event "Early-Titled-Tuesday-Blitz-April-23-2024"]
[Site "Chess.com"]
[Date "2024.04.23"]
[Round "3"]
[White "Mikhail_Golubev"]
[Black "Aleksandar-Topalov"]
[Result "1/2-1/2"]
[WhiteElo "2604"]
[BlackElo "2381"]
[TimeControl "180+1"]
[EndTime "8:29:25 PDT"]
[Termination "Game drawn by repetition"]

1. e4 e6 2. d4 d5 3. e5 Ne7 4. Nf3 Qd7 5. Nc3 b6 6. Ne2 Ba6 7. g3 c5 8. c3 Nbc6 9. Bg2 Nf5 10. dxc5 bxc5 11. O-O Be7 12. Re1 O-O 13. Nf4 Rab8 14. h4 Rfd8 15. h5 h6 16. Bh3 d4 17. Bxf5 exf5 18.
e6 fxe6 19. Nxe6 Re8 20. cxd4 cxd4 21. Nfxd4 Bf6 22. Nc5 Qxd4 23. Nxa6 Rxe1+ 24. Qxe1 Rb6 25. Be3 Qxb2 26. Bxb6 Qxa1 27. Qxa1 Bxa1 28. Be3 Bd4 29. Bxd4 Nxd4 30. f4 Kf7 31. Kf2 Ke6 32. Ke3 Kd5 33. Nc7+ Kc4 34. Ne8 Ne6 35. Nd6+ Kc3 36. Nxf5 Kb2 37.
Ke4 Kxa2 38. Ke5 Nf8 39. Nxg7 Kb3 40. Ne6 a5 41. Nd4+ Kc4 42. Nc2 Kc3 43. Nd4 a4 44.
Nb5+ Kb4 45. Nd4 Kc4 46. Nc2 Kc3 47. Nd4 Kc4 48. Nc2 Kc3 49. Nd4 Kc4 1/2-1/2

[Event "Early-Titled-Tuesday-Blitz-April-23-2024"]
[Site "Chess.com"]
[Date "2024.04.23"]
[Round "3"]
[White "PepeCuenca"]
[Black "ubdip"]
[Result "0-1"]
[WhiteElo "2790"]
[BlackElo "2379"]
[TimeControl "180+1"]
[EndTime "8:29:26 PDT"]
[Termination "ubdip won by resignation"]

1. d4 d5 2. Bf4 e6 3. e3 Bd6 4.
Qg4 Kf8 5. Bxd6+ Qxd6 6. Nc3 a6 7. O-O-O Nf6 8. Qh4 Nbd7 9. g4 b5 10. g5 Ne8 11.
Qg3 Bb7 12. Nf3 c5 13. Kb1 Rc8 14. h4 Qxg3 15. fxg3 Nd6 16. Bg2 Nf5 17. Rde1 Nxg3 18. Rhg1 Nf5 19. Bh3 g6 20. Bxf5 gxf5 21. Ne2 Ke7 22.
Nf4 Nf8 23. h5 Rg8 24. Ne5 Nd7 25. Nf3 c4 26. Rg3 Rcf8 27. Reg1 Kd6 28. Kc1 Bc8 29. Kd2 Bb7 30. Ke1 a5 31. Nh4 Bc6 32. g6 hxg6 33.
hxg6 fxg6 34. Nhxg6 Re8 35. Kf2 b4 36. Rh1 a4 37. Rh6 Bb5 38. a3 c3 39. bxc3 bxa3 40. Rg1 a2 41. Ra1 Bc4 42. Nd3 Rb8 43. Nb4 Nf6 44.
Nxa2 Ng4+ 45. Kf3 Nxh6 46. Ne5 Bxa2 47. Rxa2 Ra8 48. c4 dxc4 49. Nxc4+ Ke7 50. Nb6 Ra6 51. Nc4 Rc8 52. Ne5 Nf7 53. Nd3 Kf6 54. Nc5 Ra5 55.
c4 Rcxc5 56. dxc5 Rxc5 57. Rxa4 Ne5+ 58. Ke2 Rxc4 59. Ra5 Re4 60. Kf2 Ng4+ 61. Kg2 Rxe3 62. Ra6 Re4 63. Ra7 Ke5 64. Ra8 Kf4 65. Ra5 e5 66. Ra3 Re2+ 67. Kf1 Re3 68. Ra4+ Kf3 69. Ra2 e4 70. Rg2 Ra3 71. Rf2+ Nxf2 0-1

[Event "Early-Titled-Tuesday-Blitz-April-23-2024"]
[Site "Chess.com"]
[Date "2024.04.23"]
[Round "3"]
[White "Bykov_Egor"]
[Black "Mikhail_Bryakin"]
[Result "1/2-1/2"]
[WhiteElo "2621"]
[BlackElo "2864"]
[TimeControl "180+1"]
[EndTime "8:29:27 PDT"]
[Termination "Game drawn by repetition"]

1. d4 Nf6 2. c4 e5 3. dxe5 Ng4 4. Bf4 Bb4+ 5. Nd2 Nc6 6. Nf3 Qe7 7. e3 Ngxe5 8. Be2 O-O 9. O-O Bxd2 10. Qxd2 a5 11. Rac1 d6 12. Qc3 b6 13. Nxe5 Nxe5 14. c5 Be6 15.
Bxe5 dxe5 16. Qxe5 Rad8 17. Bc4 Rfe8 18. Bxe6 Qxe6 19. Qxe6 Rxe6 20. Rfd1 Rxd1+ 21. Rxd1 Kf8 22. cxb6 Rxb6 23. Rd2 Ke7 24. Kf1 Rc6 25. Ke2 Rc1 26. h4 h5 27. Kd3 Kd6 28. Ke4+ Ke6 29. g3 g6 30. Kf4 Rc5 31. e4 a4 32. Rd4 Rc2 33. f3 Rxb2 34. Rxa4 c5 35. Ra6+ Ke7 36. Ke5 c4 37. Ra7+ Kf8 38. Kd4 Rf2 39. Ra3 c3 40.
Kxc3 Rxf3+ 41. Kb4 Rf1 42. Re3 Rb1+ 43. Kc5 Ra1 44. a3 Ke7 45. Kb4 Kd6 46. a4 Rb1+ 47. Rb3 Re1 48. Kb5 Rxe4 49. a5 Kc7 50. a6 Kb8 51.
Kc6+ Ka8 52. Ra3 f5 53. Kb6 Rb4+ 54. Kc5 Rg4 55. Re3 f4 56. Re8+ Ka7 57. Kb5 Rxg3 58.
Re7+ Kb8 59. Re8+ Ka7 60. Re7+ Kb8 61. Re8+ Ka7 1/2-1/2

[Event "Early-Titled-Tuesday-Blitz-April-23-2024"]
[Site "Chess.com"]
[Date "2024.04.23"]
[Round "3"]
[White "Flaccidmoves"]
[Black "IamSchrodingersCat"]
[Result "1-0"]
[WhiteElo "2459"]
[BlackElo "2608"]
[TimeControl "180+1"]
[EndTime "8:29:27 PDT"]
[Termination "Flaccidmoves won by resignation"]

1. d4 Nf6 2. c4 g6 3. Nc3 Bg7 4. e4 d6 5. Nf3 O-O 6. h3 Na6 7.
Be3 e5 8. d5 Nc5 9. Nd2 a5 10.
g4 h5 11. g5 Nh7 12. h4 Bg4 13. f3 Bd7 14. Bxc5 dxc5 15. Bh3 Bxh3 16. Rxh3 f6 17. Qb3 b6 18. gxf6 Qxf6 19. O-O-O Bh6 20. d6 Qxd6 21. Nd5 Kh8 22. Kb1 a4 23. Qc2 Qd7 24. Rg3 Qf7 25. Rdg1 Rg8 26. Qc3 Rae8 27. Nf1 Nf6 28. Nfe3 Kh7 29. Nxf6+ Qxf6 30. Nd5 Qf7 31. a3 Re6 32.
Ka2 Bf4 33. R3g2 Rb8 34. Qc2 c6 35. Nxf4 Qxf4 36. Qd3 Qf7 37. Rg5 b5 38. Ka1 Rf6 39. Rxe5 Rxf3 40. Qd6 Rg8 41. Re7 Qxe7 42. Qxe7+ Rg7 43.
Qxc5 Rgf7 44. cxb5 cxb5 45. Qxb5 R3f6 46. e5 Re6 47. Rd1 Rfe7 48. Rd7 Kh6 49. Rxe7 Rxe7 50.
Qd5 Re8 51. Qd6 Re6 52. Qxe6 1-0

[Event "Early-Titled-Tuesday-Blitz-April-23-2024"]
[Site "Chess.com"]
[Date "2024.04.23"]
[Round "3"]
[White "mortngabriel"]
[Black "MarlonJodar"]
[Result "1-0"]
[WhiteElo "2477"]
[BlackElo "2284"]
[TimeControl "180+1"]
[EndTime "8:29:27 PDT"]
[Termination "mortngabriel won on time"]

1. e4 e5 2. f4 exf4 3. Nf3 Nf6 4. e5 Nh5 5. d4 d6 6. Qe2 d5 7. Nc3 Be7 8. Bd2 c6 9. O-O-O b5 10. Qf2 Bg4 11. Bd3 Na6 12. Ne2 Nb4 13. Bxb4 Bxb4 14.
h3 Be6 15. Kb1 Be7 16. Nh2 Bh4 17. Qf3 Ng3 18. Nxg3 fxg3 19. Nf1 Qg5 20. Ne3 O-O 21. Rdf1 f6 22. exf6 Rxf6 23. Qe2 Raf8 24. Ng4 Bxg4 25. hxg4 Rf2 26. Qe6+ Kh8 27. Qxc6 Rxf1+ 28. Rxf1 g6 29.
Rxf8+ Kg7 30. Rf1 Qxg4 31. Qc7+ Kh6 32. Qf4+ Qxf4 33. Rxf4 Kg5 34. Rf3 Kg4 35. Kc1 h5 36. Bxg6 Bg5+ 37. Kd1 h4 38. Bf7 Bf4 39. Bxd5 Kg5 40.
Rxf4 Kxf4 41. Be6 Ke3 42. Bh3 Kxd4 43. Kd2 b4 44. c3+ bxc3+ 45. bxc3+ Ke4 46. Kc2 Ke3 47. Kb3 Kd3 48. Kb4 1-0

[Event "Early-Titled-Tuesday-Blitz-April-23-2024"]
[Site "Chess.com"]
[Date "2024.04.23"]
[Round "3"]
[White "LuisFSiles"]
[Black "Crazy_girl99"]
[Result "1-0"]
[WhiteElo "2465"]
[BlackElo "2615"]
[TimeControl "180+1"]
[EndTime "8:29:28 PDT"]
[Termination "LuisFSiles won by resignation"]

1. e4 e5 2. Nf3 Nc6 3. Nc3 Nf6 4. Bc4 Bc5 5. d3 d6 6. h3 h6 7. a4 a6 8. Nd5 Nxd5 9. Bxd5 Ne7 10. Bb3 Ng6 11.
d4 exd4 12. Nxd4 Qf6 13. Be3 O-O 14. c3 Re8 15. Qf3 Qxf3 16. gxf3 Kf8 17. Ke2 c6 18.
Rad1 a5 19. Nc2 Bxe3 20. fxe3 Be6 21. Bxe6 Rxe6 22. h4 d5 23. h5 Ne7 24. Nd4 Re5 25. exd5 Nxd5 26. e4 Nf4+ 27. Ke3 Nd5+ 28. Kf2 Nf6 29. Nf5 Rae8 30. Rd6 R5e6 31. Rhd1 Nxh5 32. Rxe6 fxe6 33. Nd6 Re7 34. Nc8 Rc7 35. Rd8+ Kf7 36.
e5 Nf4 37. Nd6+ Kg6 38. Rf8 Nh3+ 39. Ke3 Ng5 40. f4 Nf7 41. Re8 Nxd6 42. Rxe6+ Kf5 43. Rxd6 Re7 44. Rd8 g5 45. Rf8+ Kg4 46. Ke4 gxf4 47. Rxf4+ Kg5 48. Rf5+ Kg4 49. Rf6 h5 50. e6 h4 51. Rh6 h3 52. Ke5 Kg3 53. Kd6 Re8 54. e7 h2 55. Kd7 Rg8 56. e8=Q Rxe8 57. Kxe8 Kg2 58. Kd7 h1=Q 59. Rxh1 Kxh1 60. Kc7 b5 61. Kxc6 bxa4 62. Kb5 a3 63. bxa3 Kg2 64. Kxa5 Kf3 65.
Kb6 Ke4 66. c4 1-0

[Event "Early-Titled-Tuesday-Blitz-April-23-2024"]
[Site "Chess.com"]
[Date "2024.04.23"]
[Round "3"]
[White "NajdorfPlayerc5"]
[Black "chess_sharparchitect"]
[Result "1-0"]
[WhiteElo "2434"]
[BlackElo "2222"]
[TimeControl "180+1"]
[EndTime "8:29:28 PDT"]
[Termination "NajdorfPlayerc5 won on time"]

1. e4 c5 2. Nf3 d6 3. d4 cxd4 4. Nxd4 Nf6 5. Nc3 a6 6. Bd3 e5 7.
Nde2 Be7 8. O-O Nc6 9. Ng3 d5 10. exd5 Nxd5 11. Nxd5 Qxd5 12. Be3 Be6 13. Qe2 Rd8 14.
Rfd1 Qa5 15. Nf5 Bxf5 16. Bxf5 O-O 17. c3 Bf6 18. Be4 Qc7 19. Qc4 Rxd1+ 20. Rxd1 Rd8 21. Rxd8+ Qxd8 22. g3 Qd6 23. b4 g6 24. Kg2 Kg7 25. a4 h5 26. b5 axb5 27. axb5 Nd8 28. Qd5 Qc7 29. c4 b6 30. h4 Ne6 31. Qc6 Qxc6 32.
Bxc6 Nc5 33. Kf3 Be7 34. Bd2 Kf6 35. Bc3 Ke6 36. Bd5+ Kf6 37. Ke3 Bd6 38. Bb2 Nd7 39.
f3 Bc5+ 40. Ke4 Bd6 41. f4 Nc5+ 42. Kf3 Bc7 43. fxe5+ Bxe5 44. Bc1 Bd4 45. Be3 1-0

[Event "Early-Titled-Tuesday-Blitz-April-23-2024"]
[Site "Chess.com"]
[Date "2024.04.23"]
[Round "3"]
[White "Schattman"]
[Black "familijatop71"]
[Result "0-1"]
[WhiteElo "2477"]
[BlackElo "2310"]
[TimeControl "180+1"]
[EndTime "8:29:29 PDT"]
[Termination "familijatop71 won on time"]

1. f4 e5 2. fxe5 d6 3. exd6 Bxd6 4. Nf3 g5 5. g3 g4 6. Nh4 Ne7 7. d4 Ng6 8. Ng2 Nc6 9. Be3 h5 10. Qd2 Bd7 11. Nc3 Qe7 12. O-O-O O-O-O 13. Bg5 f6 14.
Nd5 Qe6 15. Nxf6 Qxa2 16. Qc3 Bb4 17. Nxd7 Bxc3 18. bxc3 Rxd7 19. e3 Na5 20. Kd2 Nb3+ 21. Ke1 Qxc2 22. Bd3 Qxc3+ 23. Kf2 Rf8+ 24. Nf4 Nxf4 25.
Bxf4 Rxf4+ 26. gxf4 h4 27. Rhg1 Qb2+ 28. Ke1 Qxh2 29.
Bf5 g3 30. Rf1 Kd8 31. Bxd7 Kxd7 32. f5 g2 33. f6 gxf1=Q+ 34. Kxf1 Qh3+ 35. Ke2 Qg4+ 36. Ke1 Qf5 37. Ke2 Qxf6 38. Re1 Qg5 39. Rf1 h3 40.
Rf7+ Ke6 41. Rf4 Qxf4 42. exf4 h2 43. Kf2 h1=Q 0-1

[Event "Early-Titled-Tuesday-Blitz-April-23-2024"]
[Site "Chess.com"]
[Date "2024.04.23"]
[Round "3"]
[White "klifus"]
[Black "Nikita_Klepikov"]
[Result "1/2-1/2"]
[WhiteElo "2084"]
[BlackElo "2356"]
[TimeControl "180+1"]
[EndTime "8:29:30 PDT"]
[Termination "Game drawn - insufficient material"]

1. Nf3 Nf6 2. g3 d6 3. Bg2 e5 4. O-O g6 5. d4 e4 6. Ne1 d5 7. c4 c6 8. cxd5 cxd5 9. Nc3 Bg7 10. Qb3 O-O 11. Bg5 Nc6 12. Bxf6 Bxf6 13. Nxd5 Nxd4 14.
Nxf6+ Qxf6 15. Qe3 Bf5 16. h3 h5 17. Rd1 Rad8 18.
Rd2 Rfe8 19. Nc2 Nxc2 20. Rxc2 Qe6 21. b3 Bxh3 22. Rc7 Bxg2 23. Kxg2 Rd7 24. Rfc1 Rxc7 25. Rxc7 h4 26. Rxb7 h3+ 27. Kh2 a6 28. Qf4 e3 29.
fxe3 Rc8 30. e4 Rc2 31. Qf3 g5 32. g4 Qe5+ 33. Qg3 Rxe2+ 34. Kxh3 Qxg3+ 35. Kxg3 Rxe4 36. Kf3 Re6 37. a4 Kg7 38. b4 Kf6 39. b5 axb5 40.
axb5 Rd6 41. Rc7 Ke6 42. Ke4 Rb6 43. Rc6+ Rxc6 44. bxc6 Kd6 45. Kf5 Kxc6 46. Kxg5 Kd7 47. Kf6 Ke8 48. g5 Kf8 49. g6 fxg6 50. Kxg6 1/2-1/2

[Event "Early-Titled-Tuesday-Blitz-April-23-2024"]
[Site "Chess.com"]
[Date "2024.04.23"]
[Round "3"]
[White "DamianoLew95"]
[Black "jefferyx"]
[Result "0-1"]
[WhiteElo "2802"]
[BlackElo "3110"]
[TimeControl "180+1"]
[EndTime "8:29:31 PDT"]
[Termination "jefferyx won on time"]

1. e4 e6 2. d4 d5 3. exd5 exd5 4.
Bd3 c5 5. dxc5 Bxc5 6. Nf3 Nf6 7. O-O O-O 8. Nc3 Bg4 9. Bg5 h6 10. Bxf6 Qxf6 11. Nxd5 Qxb2 12. Nc7 Nc6 13. Nxa8 Rxa8 14. Qe2 g6 15. Bxg6 Qg7 16. Be4 Re8 17. Kh1 Bf5 18. Qc4 Bxe4 19. Qxc5 Ne5 20. Qc3 Nxf3 21. Qxg7+ Kxg7 22. gxf3 Bxf3+ 23. Kg1 Kf6 24. Rfe1 Rg8+ 25. Kf1 Bc6 26.
Ke2 Rg2 27. Rh1 Rg4 28. Rhg1 Rh4 29. Rg3 Rxh2 30. a4 Rh5 31. Raa3 a6 32. a5 Rf5 33.
Rh3 h5 34. Rh4 Kg5 35. Rah3 Kh6 36. Ke3 Rxa5 37. Kd4 Ra4+ 38. Ke5 Rxh4 39. Rxh4 Kg5 40. Rf4 Kg6 41. Rf6+ Kg7 42. Kf5 a5 43. Kg5 a4 44.
Rf4 a3 45. Rd4 b5 46. c3 f6+ 47. Kxh5 a2 0-1

[Event "Early-Titled-Tuesday-Blitz-April-23-2024"]
[Site "Chess.com"]
[Date "2024.04.23"]
[Round "3"]
[White "bubeliang"]
[Black "manmanlai1"]
[Result "1-0"]
[WhiteElo "2784"]
[BlackElo "2523"]
[TimeControl "180+1"]
[EndTime "8:29:31 PDT"]
[Termination "bubeliang won by resignation"]

1. e4 c6 2. d4 d5 3. Nd2 dxe4 4. Nxe4 Bf5 5. Ng3 Bg6 6. Nh3 e6 7. Nf4 Bd6 8. c3 Qc7 9. Nxg6 hxg6 10. Ne4 Bf4 11. g3 Bxc1 12. Qxc1 Nd7 13. Bg2 Ngf6 14. O-O Nxe4 15. Bxe4 Nf6 16. Bg2 a5 17. a4 Rd8 18.
Qc2 Ng4 19. h3 Nf6 20. Rfe1 b6 21. Re5 c5 22. dxc5 Qxe5 23. cxb6 O-O 24. b4 Nd5 25.
bxa5 Nxc3 26. a6 Ne2+ 27. Kh2 Qxa1 28. Qxe2 Qxa4 29. a7 Qa5 30. Qb2 Rb8 31. axb8=Q Rxb8 32. b7 Qc7 33. Bf3 Rd8 34. Kg2 e5 35. Qb3 Kh7 36. Bd5 Rb8 37. Qb4 Qd7 38. Qe4 Qf5 39.
Qh4+ Kg8 40. Qe7 Qf6 41. Qc7 Qd8 42. Qxf7+ Kh7 43. Be4 Qf6 44. Qc7 Rf8 45. Qc5 Kh8 46. Qe3 Kh7 47. Bf3 Rb8 48. Qe4 Qf5 49. Qe2 Kg8 50.
h4 Kh7 51. Be4 Qf6 52. Qh5+ Kg8 53. Bd5+ 1-0

[Event "Early-Titled-Tuesday-Blitz-April-23-2024"]
[Site "Chess.com"]
[Date "2024.04.23"]
[Round "3"]
[White "alexrustemov"]
[Black "bazar-wokzal"]
[Result "1-0"]
[WhiteElo "2864"]
[BlackElo "2607"]
[TimeControl "180+1"]
[EndTime "8:29:32 PDT"]
[Termination "alexrustemov won on time"]

1. d4 Nf6 2. c4 Nc6 3. Nf3 e6 4. a3 g6 5. g3 Bg7 6. Bg2 O-O 7. O-O d6 8. Nc3 e5 9. d5 Ne7 10. e4 Ne8 11. Ne1 f5 12. Nd3 Nf6 13. f3 h6 14.
Be3 g5 15. exf5 Nxf5 16. Bd2 c6 17. Kh1 cxd5 18. cxd5 Bd7 19. Nf2 Rc8 20. Nfe4 Qb6 21.
Rb1 Nd4 22. Be3 Nxe4 23. fxe4 Rxf1+ 24. Qxf1 Rf8 25. Qd3 Qa6 26. Qxa6 bxa6 27. h3 a5 28. g4 Rb8 29. Bf1 Kf7 30. Kg2 Kg6 31. Bd3 h5 32. Kg3 hxg4 33. hxg4 Rh8 34. Ne2 Rh4 35. Bxd4 Rxg4+ 36. Kf3 exd4 37. e5+ Kh5 38. e6 Be8 39. Ng3+ Rxg3+ 40. Kxg3 Be5+ 41. Kf2 g4 42. Rc1 g3+ 43. Kg2 Kg5 44.
Rc8 Bh5 45. e7 Kf4 46. e8=Q Bxe8 47. Rxe8 Ke3 48. Bc2 d3 49. Ba4 d2 50. Rf8 Bxb2 51. Bd1 Kd4 52. a4 1-0

[Event "Early-Titled-Tuesday-Blitz-April-23-2024"]
[Site "Chess.com"]
[Date "2024.04.23"]
[Round "3"]
[White "Likvidator228"]
[Black "gpsji27"]
[Result "0-1"]
[WhiteElo "2506"]
[BlackElo "2318"]
[TimeControl "180+1"]
[EndTime "8:29:32 PDT"]
[Termination "gpsji27 won on time"]

1. h4 e5 2. h5 h6 3. c4 Bc5 4. Nc3 Nf6 5. e3 d6 6. d4 exd4 7. exd4 Bb6 8. Be3 O-O 9. Be2 Re8 10. Qd2 Bf5 11. Nh3 Ba5 12. f3 Qe7 13. Kf2 Nc6 14. Nf4 Bb6 15. Ncd5 Nxd5 16. Nxd5 Qe6 17. Nxb6 axb6 18.
d5 Qf6 19. dxc6 bxc6 20. Bd4 Qe6 21. g4 Bh7 22. Rhe1 c5 23. Bc3 Qe7 24. Kg2 Qh4 25. Bd3 f5 26. Rxe8+ Rxe8 27. Re1 Rf8 28. Qf4 g5 29. hxg6 Bxg6 30. Qh2 Qg5 31. Qg3 f4 32. Qf2 Bxd3 33. Qd2 Bg6 34. Rh1 h5 35. Kf2 Kf7 36. gxh5 Bxh5 37. Rg1 Qh4+ 38. Kf1 Bxf3 39. Rg7+ Ke8 40.
Qe1+ Qxe1+ 41. Kxe1 Be4 42. Rxc7 f3 43. Kf2 Kd8 44. Rg7 Rf4 0-1

[Event "Early-Titled-Tuesday-Blitz-April-23-2024"]
[Site "Chess.com"]
[Date "2024.04.23"]
[Round "3"]
[White "valeriocarnicelli"]
[Black "Seochesspie"]
[Result "0-1"]
[WhiteElo "2545"]
[BlackElo "2901"]
[TimeControl "180+1"]
[EndTime "8:29:33 PDT"]
[Termination "Seochesspie won by resignation"]

1. e4 c6 2. Nc3 d5 3. Nf3 Nf6 4. e5 Ne4 5. Ne2 Qb6 6. d4 c5 7. Ng3 Nc6 8. Bd3 Nxg3 9. fxg3 Bg4 10. dxc5 Qxc5 11. Qe2 e6 12. Be3 d4 13. Bf4 Be7 14.
O-O O-O 15. h3 Bf5 16. Bxf5 exf5 17. Kh1 Nd8 18. Ne1 Ne6 19. Nd3 Qb5 20. a4 Qc6 21. Rf2 Rac8 22. Bc1 Qe4 23. a5 a6 24. Ra4 Rc6 25. Ne1 Rfc8 26. Bd2 g6 27. g4 Qxe2 28. Rxe2 fxg4 29. hxg4 Rc5 30. Bb4 R5c7 31. Bxe7 Rxe7 32. Nd3 Rd7 33. Rb4 Kg7 34. Rb6 Rdc7 35. Ne1 Nc5 36. b4 Ne6 37. Rd6 Rc4 38. Rb6 R8c7 39. Rf2 Re7 40. Kg1 Nd8 41. Rd6 Nc6 42. e6 fxe6 43.
Kf1 Nxb4 44. Ke2 e5 45. Kd2 e4 46. Kd1 Nc6 47. Rf4 Nxa5 48. g5 Nc6 49. g4 Rc5 50. Ng2 Rxg5 51. Rdf6 Rge5 0-1

[Event "Early-Titled-Tuesday-Blitz-April-23-2024"]
[Site "Chess.com"]
[Date "2024.04.23"]
[Round "3"]
[White "CristianS27"]
[Black "LiamPutnam2008"]
[Result "1-0"]
[WhiteElo "2551"]
[BlackElo "2821"]
[TimeControl "180+1"]
[EndTime "8:29:33 PDT"]
[Termination "CristianS27 won by checkmate"]

1. e4 e5 2. Nf3 Nf6 3. Nxe5 d6 4. Nf3 Nxe4 5. d4 d5 6. Bd3 Be7 7. O-O O-O 8. Re1 Nc6 9. c4 Nf6 10. cxd5 Nxd5 11. Nc3 Bg4 12. h3 Bh5 13. Bxh7+ Kxh7 14. Ng5+ Kg6 15. Qd3+ f5 16. Ne6 Qd6 17. Nxd5 Kh7 18. Nxe7 Nxe7 19. Bf4 Qd7 20. Qg3 Nd5 21. Nxf8+ Rxf8 22. Be5 f4 23. Qh4 Qf5 24. Bxc7 Qg6 25. Re5 Rf5 26.
Rxf5 Qxf5 27. Be5 Kh6 28. g4 fxg3 29. Qxg3 g5 30. Rc1 Bf3 31. h4 g4 32. Re1 Be4 33. Bd6 a6 34. Qe5 Qxe5 35. dxe5 Bg6 36. e6 Be8 37. e7 Kg6 38. Kg2 Kf7 39. h5 Nf6 40. h6 Kg6 41. Rh1 Kh7 42. Kg3 Ne4+ 43. Kxg4 Nxd6 44.
Rd1 Nf7 45. Rd8 Nxh6+ 46. Kg5 Bc6 47. e8=Q Bxe8 48. Rxe8 Nf7+ 49. Kf6 Nd6 50. Re7+ Kh6 51. Ke6 Nc4 52. Rxb7 Kg5 53. f4+ Kxf4 54. Rb4 Ke4 55. Rxc4+ Kd3 56. Rc7 Kd2 57. Kd5 Kd3 58. Rc3+ Kd2 59.
Kd4 Kd1 60. Ke3 a5 61. a4 Ke1 62. Rc1# 1-0

[Event "Early-Titled-Tuesday-Blitz-April-23-2024"]
[Site "Chess.com"]
[Date "2024.04.23"]
[Round "3"]
[White "briesmas"]
[Black "Statham_01"]
[Result "0-1"]
[WhiteElo "2206"]
[BlackElo "2576"]
[TimeControl "180+1"]
[EndTime "8:29:33 PDT"]
[Termination "Statham_01 won on time"]

1. e4 c5 2. Nf3 d6 3. d4 cxd4 4. Nxd4 Nf6 5. Nc3 g6 6. Be3 Bg7 7. f3 O-O 8. Qd2 Nc6 9. O-O-O d5 10. exd5 Nxd5 11. Nxc6 bxc6 12. Nxd5 cxd5 13. Bh6 Bf6 14.
Bxf8 Qxf8 15. h4 Rb8 16. c3 d4 17. cxd4 Bf5 18. Bc4 Rc8 19. b3 e5 20. g4 Be6 21.
d5 Bd7 22. Kb1 e4 23. fxe4 Bxg4 24. Rdf1 Qe7 25. d6 Qxe4+ 26. Qd3 Qe5 27. Rxf6 Qxf6 28. Rf1 Bf5 29. Rxf5 Qxf5 30. Qxf5 gxf5 31. d7 Rd8 32. Bb5 a6 33. Bc6 Kg7 34. Kc2 Kf6 35.
b4 Ke7 36. a4 f4 37. Kd3 f5 38.
Ke2 Kd6 39. b5 axb5 40. Bxb5 Ke5 41. Kf3 Rg8 42. a5 Rg3+ 43. Kf2 Rg8 44. a6 Kd6 45.
Kf3 Kc5 46. Ba4 Kb6 47. Kxf4 Kc7 48. Kxf5 Ra8 49. Bb5 Rb8 50. Ba4 Rb4 0-1